 Dungeon Crawl Stone Soup version 0.29-a0-322-g68df515428 (webtiles) character file.

Game seed: 13565254411657110960

2980 bande the Cleaver (level 9, -2/55 HPs)
             Began as a Gargoyle Fighter on Apr 9, 2022.
             Was a Follower of Okawaru.
             Slain by an ice beast (9 damage)
             ... on level 6 of the Dungeon.
             The game lasted 00:17:24 (9758 turns).

bande the Cleaver (Gargoyle Fighter)                Turns: 9758, Time: 00:17:24

Health: -2/55      AC: 22    Str: 22    XL:     9   Next: 83%
Magic:  10/10      EV:  6    Int:  9    God:    Okawaru [*.....]
Gold:   330        SH: 11    Dex: 15    Spells: 8/8 levels left

rFire   . . .      SeeInvis .   a - +1 war axe (freeze)
rCold   . . .      Faith    .   u - +1 kite shield
rNeg    + . .      Spirit   .   h - +0 chain mail
rPois   ∞          Reflect  .   m - +0 helmet
rElec   +          Harm     .   (no cloak)
rCorr   .          Rampage  .   j - +0 pair of gloves
Will    .....                   b - +0 pair of boots
Stlth   ..........              (no amulet)
HPRegen 0.18/turn               (no ring)
MPRegen 0.12/turn               (no ring)

@: no status effects
A: sickness immunity, AC +6, negative energy resistance 1, electricity
resistance, torment resistance 1, petrification resistance, agile 1, shaggy fur
1, strong 1
a: Renounce Religion, Heroism


You were on level 6 of the Dungeon.
You worshipped Okawaru.
Okawaru was aware of your devotion.
You visited 2 branches of the dungeon, and saw 7 of its levels.
You also visited: Ossuary.

You collected 330 gold pieces.

Inventory:

Hand Weapons
 a - a +1 war axe of freezing (weapon)
 l - a +1 flail of protection
Armour
 b - a +0 pair of boots (worn)
 h - a +0 chain mail (worn)
 j - a +0 pair of gloves (worn)
 m - a +0 helmet (worn)
 u - a +1 kite shield (worn)
Jewellery
 e - a +6 ring of intelligence
 f - a +6 ring of intelligence
 i - a ring of wizardry
 t - the ring of Teosubin {Ice *Corrode rElec Int+6 Stlth+}
   (You found it on level 5 of the Dungeon)

   [ring of ice]

   It enhances your ice magic.
   Int:       It affects your intelligence (+6).
   rF:        It makes you vulnerable to fire.
   rC:        It protects you from cold.
   rElec:     It insulates you from electricity.
   *Corrode:  It may corrode you when you take damage.
   Stlth:     It makes you more stealthy.
Wands
 q - a wand of polymorph (9)
Scrolls
 c - a scroll of magic mapping
 o - 2 scrolls of holy word
 p - 4 scrolls of teleportation
 w - a scroll of noise {unknown}
 y - a scroll of fear
Potions
 d - a potion of might
 g - 3 potions of ambrosia
 k - 3 potions of invisibility
 n - 9 potions of curing {unknown}
 r - a potion of attraction {unknown}
 s - a potion of magic
 v - 2 potions of haste
 x - a potion of brilliance
 B - a potion of mutation
 C - a potion of flight {unknown}
 E - a potion of heal wounds {unknown}


   Skills:
 + Level 6.2 Fighting
 + Level 8.5 Axes
 + Level 7.3 Armour
 - Level 0.6 Stealth
 + Level 6.0 Shields
 * Level 2.6 Invocations
 * Level 2.1 Evocations


You had 8 spell levels left.
You didn't know any spells.
Your spell library contained the following spells:

 Spells                   Type           Power      Damage    Failure   Level
 Ensorcelled Hibernation  Hex/Ice        0%         N/A       100%        2
 Passwall                 Tmut/Erth      0%         N/A       100%        2
 Swiftness                Air            0%         N/A       100%        3
 Summon Small Mammal      Summ           Unusable   N/A       N/A         1
 Call Canine Familiar     Summ           Unusable   N/A       N/A         3
 Summon Guardian Golem    Hex/Summ       Unusable   N/A       N/A         3

Dungeon Overview and Level Annotations

Branches:
Dungeon (6/15)             Temple (1/1) D:5         Ossuary (visited)

Altars:
Ashenzari
Dithmenos
Elyvilon
Fedhas
Gozag
Hepliaklqana
Kikubaaqudgha
Makhleb
Nemelex Xobeh
Okawaru
Sif Muna
Trog
Uskayaw
Vehumet
Xom
Yredelemnul
Zin
The Shining One


Innate Abilities, Weirdness & Mutations

You are immune to sickness and miasma.
Your stone body is resilient. (AC +6)
You are immune to poison.
You resist negative energy. (rN+)
You are resistant to electric shocks. (rElec)
You are resistant to unholy torment.
You are immune to petrification.
You are agile. (Dex +2)
You are covered in fur. (AC +1)
Your muscles are strong. (Str +2)


Message History

You block the ice beast's attack.
You hit the ice beast.
The ice beast is heavily wounded.
The ice beast hits you but does no damage.
You closely miss the ice beast.
The ice beast is heavily wounded.
The ice beast closely misses you.
You hit the ice beast.
The ice beast is heavily wounded.
The ice beast hits you but does no damage. x2
You barely miss the ice beast.
The ice beast is heavily wounded.
The ice beast hits you. The ice beast freezes you!
You barely miss the ice beast.
The ice beast is heavily wounded.
The ice beast hits you but does no damage.
You slash the ice beast!
The ice beast is almost dead.
The ice beast barely misses you.
You closely miss the ice beast.
The ice beast is almost dead.
The ice beast hits you but does no damage.
You hit the ice beast but do no damage.
The ice beast is almost dead.
The ice beast hits you. The ice beast freezes you. The ice beast hits you.
The ice beast freezes you!
You are too injured to fight recklessly!
You are too injured to fight recklessly!
You are too injured to fight recklessly!
You hit the ice beast but do no damage.
The ice beast is almost dead.
You block the ice beast's attack.
You closely miss the ice beast.
The ice beast is almost dead.
The ice beast hits you. The ice beast freezes you!
* * * LOW HITPOINT WARNING * * *
The ice beast attacks as you move away! The ice beast hits you.
* * * LOW HITPOINT WARNING * * *
The ice beast freezes you!
You die...

#.###.## #....# ##...#.. #......#
#....# ############
######.######....#####...##.##.##
............'..........#.........
###############..##..##.##..##.##
# #..##..#.⌠.#..##.## #
#..##..##.##..##.#. #
#..##.#..#..#.#.... #
#.@##.##...##.#.... #
#.Y##.#.......#...# #
#...#.+............ #
....###.......#...# # .....#
#######.##'## # ......# #.##.##
.......# #.##.## ........#
#.##... #.#####


You could see an ice beast.

Vanquished Creatures
  Pikel (D:5)
  Sigmund (D:3)
  Menkaure (Ossuary)
  Edmund (D:5)
  2 water moccasins
  An ice beast (D:5)
  Duvessa (D:4)
  An orc warrior (D:3)
  A black bear (D:5)
  An ogre (D:5)
  A centaur (D:5)
  A phantom (D:3)
  An elf zombie (Ossuary)
  A kobold brigand (D:6)
  A necrophage (D:4)
  A scorpion (D:5)
  3 wights
  Dowan (D:4)
  3 centaur zombies (Ossuary)
  2 jellies
  3 hounds
  4 orc priests (D:4)
  3 iguanas (D:5)
  2 orc wizards (D:4)
  2 ogre zombies (Ossuary)
  6 mummies (Ossuary)
  A gnoll (D:5)
  2 adders
  An ufetubus (D:5)
  5 adder zombies (Ossuary)
  4 dart slugs
  17 orcs
  14 endoplasms
  3 giant cockroaches
  A gnoll zombie (Ossuary)
  7 goblins
  7 hobgoblins
  9 jackals
  25 kobolds
  A quokka (D:1)
  3 ball pythons
  9 bats
  4 frilled lizards
  3 goblin zombies (Ossuary)
  5 hobgoblin zombies (Ossuary)
  5 kobold zombies (Ossuary)
  3 quokka zombies (Ossuary)
  4 rats
  2 rat zombies (Ossuary)
181 creatures vanquished.

Vanquished Creatures (collateral kills)
  2 orc wizards (D:5)
  An orc (D:5)
3 creatures vanquished.

Vanquished Creatures (others)
  6 fungi
  4 plants (D:1)
  8 toadstools (D:2)
18 creatures vanquished.

Grand Total: 202 creatures vanquished

Notes
Turn   | Place    | Note
-------+----------+-------------------------------------------
     0 | D:1      | bande the Gargoyle Fighter began the quest for the Orb.
     0 | D:1      | Reached XP level 1. HP: 14/14 MP: 1/1
   346 | D:1      | Reached skill level 2 in Axes
   355 | D:1      | Reached XP level 2. HP: 15/19 MP: 2/2
   617 | D:1      | Found a faded altar of an unknown god.
   841 | D:1      | Reached XP level 3. HP: 24/24 MP: 3/3
  1938 | D:1      | Reached skill level 3 in Axes
  1938 | D:1      | Reached XP level 4. HP: 28/29 MP: 4/4
  2945 | D:3      | Noticed Sigmund
  2953 | D:3      | Killed Sigmund
  2954 | D:3      | Reached skill level 4 in Axes
  2954 | D:3      | Reached XP level 5. HP: 23/33 MP: 5/5
  2954 | D:3      | Reached XP level 6. HP: 27/38 MP: 6/6
  4160 | D:4      | Noticed Dowan
  4160 | D:4      | Noticed an orc warrior
  4162 | D:4      | Noticed Duvessa
  4202 | D:3      | Reached skill level 5 in Axes
  4202 | D:3      | Reached XP level 7. HP: 29/44 MP: 7/7
  4753 | D:4      | Reached skill level 5 in Armour
  5288 | D:4      | Killed Duvessa
  5292 | D:4      | Killed Dowan
  5293 | D:4      | Reached skill level 6 in Axes
  5293 | D:4      | Reached XP level 8. HP: 28/48 MP: 8/8
  5726 | D:4      | Found an ancient bone altar of Kikubaaqudgha.
  6064 | D:3      | Reached skill level 5 in Fighting
  6664 | D:5      | Entered Level 5 of the Dungeon
  6939 | D:5      | Gained mutation: Your muscles are strong. (Str +2) [potion
                  | of mutation]
  6939 | D:5      | Gained mutation: You are agile. (Dex +2) [potion of
                  | mutation]
  6939 | D:5      | Gained mutation: You are covered in fur. (AC +1) [potion of
                  | mutation]
  7052 | D:5      | Noticed Pikel
  7075 | D:5      | Killed Pikel
  7076 | D:5      | Reached skill level 7 in Axes
  7076 | D:5      | Reached skill level 5 in Shields
  7076 | D:5      | Reached XP level 9. HP: 40/54 MP: 9/9
  7425 | D:5      | Found a hide-covered altar of Uskayaw.
  7795 | D:5      | Found a staircase to the Ecumenical Temple.
  7804 | Temple   | Entered the Ecumenical Temple
  7875 | Temple   | Became a worshipper of Warmaster Okawaru
  7958 | D:5      | Identified the ring of Teosubin {Ice *Corrode rElec Int+6
                  | Stlth+}
  7966 | D:5      | Noticed Edmund
  7980 | D:5      | Killed Edmund
  7987 | D:5      | Reached skill level 1 in Invocations
  7987 | D:5      | Reached skill level 1 in Evocations
  7989 | D:5      | Reached skill level 8 in Axes
  8607 | D:6      | Found a sand-covered staircase.
  8613 | Ossuary  | Entered an ossuary
  8664 | Ossuary  | Noticed Menkaure
  8679 | Ossuary  | Killed Menkaure
  9086 | Ossuary  | Reached * piety under Okawaru
  9758 | D:6      | Slain by an ice beast

Illustrated notes

Levels and vault maps discovered:
D:1:      minmay_arrival_doors, layout_basic,
          shapermc_ecumenical_altar_mp_ritualfount, chequers_garden,
          minivault_24
D:2:      cheibrodos_fertilizer, layout_basic, mrwooster_statue_mirror
D:3:      layout_basic, uniq_sigmund
D:4:      layout_basic, nicolae_kikubaaqudgha_miasma_corner,
          serial_corexii_hall, corexii_hall_statues_t, corexii_hall_statues_i,
          minmay_misc_feat_iff, minmay_misc_feat_rows, st_stairs_8, uniq_duvessa
D:5:      layout_gridville, mainiacjoe_overflow_surrounded_room,
          lemuel_temple_firewalk_a, minmay_increasing_density, uniq_pikel,
          uniq_edmund
D:6:      layout_basic, grunt_qazlal_sundering, ebering_ghost_disaster_area,
          nicolae_ossuary_entry_ruins, hangedman_abyss_or_decor_passed,
          kennysheep_decorative_pillar, grunt_decor_one_mirror,
          kennysheep_generic_room_4
Temple:   kb_temple_of_zot

Skill      XL: |  1  2  3  4  5  6  7  8  9 |
---------------+----------------------------+-----
Axes           | 2 3 4 5 6 7 8 |  8.5
Fighting       | 4 5 6 |  6.2
Armour         | 4 5 6 7 |  7.3
Shields        | 4 5 6 |  6.0
Invocations    | 2 |  2.6
Evocations     | 2 |  2.1
Stealth        | |  0.6

Action                   |  1- 3 |  4- 6 |  7- 9 || total
-------------------------+-------+-------+-------++-------
Melee: War axe           |   111 |   151 |   360 ||   622
  Use: Scroll            |     4 |     4 |    10 ||    18
       Potion            |       |     2 |     2 ||     4
Armor: Scale mail        |    37 |       |       ||    37
       Chain mail        |    47 |   127 |   264 ||   438
Dodge: Dodged            |    60 |    61 |    90 ||   211
Block: Buckler           |    25 |    46 |    17 ||    88
       Kite shield       |       |       |   163 ||   163

Table legend: (Time is in decaauts)
 A = Elapsed time spent in this place.
 B = Non-inter-level travel time spent in this place.
 C = Inter-level travel time spent in this place.
 D = Time resting spent in this place.
 E = Time spent auto-exploring this place.
 F = Levels seen in this place.
 G = Mean time per level.
                   A        B        C        D        E       F      G
               +--------+--------+--------+--------+--------+-----+--------+
         Total |   9965 |   9732 |    233 |   3403 |   4362 |   8 | 1245.6 |
       Dungeon |   8948 |   8729 |    219 |   3043 |   3990 |   6 | 1491.3 |
        Temple |     89 |     75 |     14 |      0 |     53 |   1 |   89.0 |
       Ossuary |    927 |    927 |      0 |    360 |    319 |   1 |  927.0 |
               +--------+--------+--------+--------+--------+-----+--------+

Top non-repeatable levels by time:
     D:3: 2395 daAuts
     D:5: 1879 daAuts
     D:1: 1749 daAuts
     D:2: 1414 daAuts
     D:4: 1244 daAuts
 Ossuary: 927 daAuts
     D:6: 266 daAuts
  Temple: 89 daAuts
